 Dungeon Crawl Stone Soup version 0.25.0-11-g1f837a76a1 (webtiles) character file.

Game seed: 15524691693739872182

23503 sentinel the Reanimator (level 12, -2/103 HPs)
             Began as a Deep Dwarf Necromancer on June 24, 2020.
             Was the Champion of Dithmenos.
             Slain by an orc knight
             ... wielding a +2 great sword of electrocution
              (16 damage)
             ... on level 1 of the Orcish Mines.
             The game lasted 01:26:18 (17166 turns).

sentinel the Reanimator (Deep Dwarf Necromancer)   Turns: 17166, Time: 01:26:19

Health: -2/103     AC: 11    Str: 18    XL:     12   Next: 72%
Magic:  10/10      EV: 14    Int: 21    God:    Dithmenos [******]
Gold:   1443       SH:  6    Dex: 13    Spells: 9/21 levels left

rFire    + . .     SeeInvis .   v - +2 short sword (elec)
rCold    + + .     Gourm    .   Z - +0 buckler {rC+}
rNeg     + . .     Faith    .   a - +2 robe {rC+ rF+}
rPois    .         Spirit   .   o - +2 helmet
rElec    .         Reflect  .   p - +1 cloak
rCorr    .         Harm     .   Y - +0 pair of gloves
MR       +....                  (no boots)
Stlth    +++++++++.             (no amulet)
HPRegen  0.00/turn              T - +6 ring of strength
MPRegen  0.12/turn              i - ring of positive energy

@: non-regenerating, wreathed by umbra
A: damage resistance, heal wounds, sense surroundings 2, no regeneration
a: Heal Wounds, Shadow Step, Shadow Form, Renounce Religion


You were on level 1 of the Orcish Mines.
You worshipped Dithmenos.
Dithmenos was exalted by your worship.
You were hungry.

You visited 3 branches of the dungeon, and saw 15 of its levels.
You also visited: Ossuary, Bailey and Ice Cave.

You collected 1443 gold pieces.

Inventory:

Hand Weapons
 b - a +1 dagger of venom
 m - a +0 dagger
 v - a +2 short sword of electrocution (weapon)
 y - a +1 short sword of venom
 W - a +1 rapier of holy wrath
Missiles
 c - 92 sling bullets
Armour
 a - a +2 robe of resistance (worn)
 l - the +3 ice dragon scales of Neuweede {rF- rC++ rN+ Dex+3}
   (You found it in an ice cave)

   It affects your dexterity (+3).
   It makes you vulnerable to fire.
   It greatly protects you from cold.
   It protects you from negative energy.
 o - a +2 helmet (worn)
 p - a +1 cloak (worn)
 s - a +2 ring mail of magic resistance
 G - a +0 kite shield
 K - a +0 troll leather armour
 U - a +2 scale mail of fire resistance
 Y - a +0 pair of gloves (worn)
 Z - a +0 buckler of cold resistance (worn)
Jewellery
 i - a ring of positive energy (right hand)
 T - a +6 ring of strength (left hand)
Wands
 A - a wand of acid (2)
 E - a wand of enslavement (17)
 I - a wand of iceblast (1)
 P - a wand of paralysis (3)
 V - a wand of flame (15)
Scrolls
 f - 2 scrolls of fog
 g - 3 scrolls of enchant weapon {unknown}
 j - a scroll of holy word
 k - a scroll of enchant armour
 r - 3 scrolls of identify
 t - 4 scrolls of teleportation
 u - a scroll of magic mapping
 x - 7 scrolls of remove curse
 z - 2 scrolls of blinking
 B - a scroll of immolation
 F - 3 scrolls of summoning
 L - a scroll of silence {!r}
 N - 3 scrolls of amnesia {unknown}
 X - a scroll of brand weapon
Potions
 d - a potion of might
 h - 2 potions of haste
 n - a potion of resistance
 q - 2 potions of curing
 w - 3 potions of heal wounds
 C - 3 potions of ambrosia
 D - 4 potions of flight
 H - a potion of stabbing
 J - a potion of lignification
 M - a potion of mutation
 O - a potion of cancellation {unknown}
 Q - a potion of invisibility
Comestibles
 e - 8 rations


   Skills:
 - Level 5.0 Fighting
 - Level 6.0 Short Blades
 + Level 4.9 Armour
 + Level 4.4 Dodging
 - Level 12.0 Stealth
 - Level 7.3 Shields
 - Level 5.0 Spellcasting
 - Level 12.0 Necromancy
 - Level 4.0 Translocations
 + Level 8.3 Invocations
 - Level 8.0 Evocations


You had 9 spell levels left.
You knew the following spells:

 Your Spells              Type           Power        Failure   Level  Hunger
a - Pain                  Necr           ####         1%          1    None
b - Animate Skeleton      Necr           N/A          1%          1    None
c - Agony                 Necr           ######..     2%          5    #####..
d - Blink                 Tloc           N/A          3%          2    None
v - Vampiric Draining     Necr           ######....   1%          3    ##.....

Your spell library contained the following spells:

 Spells                   Type           Power        Failure   Level  Hunger
 Animate Dead             Necr           N/A          1%          4    ####...
 Corona                   Hex            #......      11%         1    None
 Magic Dart               Conj           #...         11%         1    None
 Call Imp                 Summ           #.......     16%         2    None
 Ensorcelled Hibernation  Hex/Ice        #.....       16%         2    None
 Searing Ray              Conj           #.....       16%         2    None
 Slow                     Hex            #.......     16%         2    None
 Confusing Touch          Hex            #.......     32%         3    ##.....
 Conjure Flame            Conj/Fire      #.......     32%         3    ##.....
 Dazzling Flash           Conj/Hex       #.....       32%         3    ##.....
 Mephitic Cloud           Conj/Pois/Air  #.......     32%         3    ##.....
 Tukima's Dance           Hex            #.......     32%         3    ##.....
 Iskenderun's Mystic Bla  Conj/Tloc      ##......     43%         4    ####...
 Cause Fear               Hex            #.........   71%         4    ####...
 Fulminant Prism          Conj/Hex       #.........   71%         4    ####...
 Silence                  Hex/Air        #.........   96%         5    #####..
 Yara's Violent Unravell  Hex/Tmut       #.........   96%         5    #####..
 Discord                  Hex            #.........   100%        8    #######


Dungeon Overview and Level Annotations

Branches:
Dungeon (12/15)            Temple (1/1) D:5            Lair (0/6) D:9
    Orc (2/2) D:12            Elf (0/3) Orc:2       Ossuary (visited)
 Bailey (visited)           IceCv (visited)

Altars:
Dithmenos
Elyvilon
Gozag
Makhleb
Qazlal
Ru
Sif Muna
Uskayaw
Vehumet
Wu Jian
Xom
Zin
The Shining One

Annotations:
D:3 1 runed translucent door, Crazy Yiuf
D:4 exclusions: phantom and skeleton
D:6 1 exclusion
D:7 exclusions: door and 1 more exclusion
D:8 exclusion: hungry ghost, Erica
D:9 1 runed translucent door
D:10 1 exclusion
D:11 exclusion: gargoyle


Innate Abilities, Weirdness & Mutations

You are resistant to damage.
You can heal yourself by infusing magical energy.
You passively map the area around you.
You do not regenerate.


Message History

Some of the chunks of flesh in your inventory have rotted away.
There is a stone staircase leading up here.
Found 12 gold pieces.
Found 27 gold pieces.
Found 10 gold pieces.
You now have 1377 gold pieces (gained 12).
You now have 1387 gold pieces (gained 10).
You now have 1414 gold pieces (gained 27).
Your orc skeleton crumbles into dust!
Your orc skeleton crumbles into dust!
Some of the chunks of flesh in your inventory have rotted away.
You now have 1443 gold pieces (gained 29).
You open the gate. 2 orcs and 2 orc warriors come into view.
There is an open gate here.
An orc comes into view. It is wielding a +0 falchion.
The orc warrior shouts!
You hear a shout!
The orc warrior shouts!
You hear a shout! x5; The orc shouts!
You hear a shout! x3
You block the orc's attack. You block the orc warrior's attack.
An orc comes into view.
The orc completely misses you.
The orc moves out of view.
An orc knight comes into view.
It is wielding a +2 great sword of electrocution.
You closely miss the orc.
Your shadow barely misses the orc.
You barely miss the orc. The orc hits you but does no damage.
An ogre comes into view. It is wielding a +0 giant club.
The orc closely misses you. You block the orc warrior's attack.
Your orc skeleton misses the orc.
The orc misses you.
There is an open gate here.
You hit the orc.
An ogre comes into view. It is wielding a +0 giant club.
The orc barely misses you.
You hit the orc but do no damage. You block the orc warrior's attack.
The orc closely misses you.
Your orc skeleton hits the orc with a +0 trident.
The orc barely misses you.
Aim: an orc warrior, wielding a +0 flail and wearing a +0 chain mail (umbra)
You feel life coursing into your body.
Your orc skeleton hits the orc but does no damage.
The orc warrior misses you.
An orc warrior comes into view. It is wielding a +0 flail.
You block the orc's attack.
Your orc skeleton closely misses the orc.
The orc warrior barely misses you. The orc closely misses you.
Aim: an orc warrior, wielding a +0 flail and wearing a +0 chain mail (moderately wounded, umbra)
You feel life coursing into your body!
The orc warrior shouts!
You hear a shout!
Your orc skeleton hits the orc with a +0 short sword.
You block the orc warrior's attack. You block the orc's attack.
The orc completely misses you.
Aim: an orc warrior, wielding a +0 flail and wearing a +0 chain mail (severely wounded, umbra)
You kill the orc warrior!
Dithmenos accepts your kill.
You feel life coursing into your body.
Your orc skeleton closely misses the orc. x2
The orc closely misses you. The orc warrior misses you.
The orc hits you but does no damage.
You hit the orc. Lightning courses through the orc!!
You kill the orc!
Dithmenos accepts your kill.
Your orc skeleton hits the orc with a +0 trident.
The orc dies!
Dithmenos accepts your kill.
An orc comes into view. It is wielding a +0 club.
You hit the orc but do no damage. The orc misses you.
The orc warrior hits you from afar with a +0 halberd!
You hit the ogre. Lightning courses through the ogre!
The orc hits your orc skeleton.
Your orc skeleton hits the orc from afar with a +0 trident.
Your orc skeleton hits the orc with a +0 short sword.
The orc knight roars a battlecry!
The orcs go into a battle-frenzy!
The orc warrior barely misses you.
You hear a shout! x2
You hit the ogre.
You hear a shout!
The ogre closely misses you. The orc hits your orc skeleton.
Your orc skeleton is destroyed!
An orc comes into view. It is wielding a +0 dagger.
You hit the orc but do no damage. Lightning courses through the orc!!
You kill the orc!
Dithmenos accepts your kill.
The orc warrior hits you from afar with a +0 halberd!
The ogre hits your orc skeleton with a +0 giant club!!
Your orc skeleton is destroyed!
The ogre barely misses you.
You are too injured to fight recklessly!
You swap places.
Your orc skeleton barely misses the ogre.
Something hits your orc skeleton!
Your orc skeleton is destroyed!
The orc knight hits your orc warrior skeleton with a +2 great sword of electrocution!!
Lightning courses through your orc warrior skeleton!
Your orc warrior skeleton is destroyed!
The orc knight roars a battlecry!
Things that are here:
a +2 dire flail of draining; a +0 chain mail You are too injured to fight recklessly!
Aim: an ogre, wielding a +0 giant club (umbra)
You feel life coursing into your body. The ogre closely misses you.
You don't have enough magic to cast that spell.
Unknown command.
You barely miss the ogre. You hit the ogre. Lightning courses through the ogre!
The ogre barely misses you.
You completely miss the ogre.
Your shadow hits the ogre with a short sword.
You block the ogre's attack.
You hit the ogre. You hit the ogre. Lightning courses through the ogre!
You kill the ogre!
Dithmenos accepts your kill.
You puncture the orc!
You kill the orc!
Dithmenos accepts your kill.
You hit the ogre. Lightning courses through the ogre!
You kill the ogre!
Dithmenos accepts your kill.
You don't have enough magic to cast that spell.
Unknown command.
There is a stone staircase leading up here.
The orc knight hits you with a +2 great sword of electrocution!!
You climb upwards.
There is a stone staircase leading down here.
You are feeling hungry.
Some of the chunks of flesh in your inventory have rotted away.
You block the orc knight's attack.
You feel much better.
Some of the chunks of flesh in your inventory have rotted away.
The orc knight hits you with a +2 great sword of electrocution!
All of the chunks of flesh in your inventory have rotted away.
Things that are here:
a +0 ring mail; a +0 short sword
Things that are here:
a +0 flail; a +0 chain mail; an orc skeleton The orc knight jeers noisily.
Things that are here:
a +0 robe; a +0 dagger You see here a +0 hand axe.
The orc knight hits you with a +2 great sword of electrocution!!
You emit a cloud of dark smoke.
Your magical essence is drained by the effort!
You feel much better.
The orc knight hits you with a +2 great sword of electrocution!!
You feel much better.
Aim: an orc knight, wielding a +2 great sword of electrocution and wearing a cursed +0 plate armour (black smoke, umbra, chance to defeat MR: 51%)
The orc knight resists with significant effort.
The orc knight hits you with a +2 great sword of electrocution!!
* * * LOW HITPOINT WARNING * * *
You are electrocuted!!
You die...

####..........##.....
##.#..................
##.......#............#
##.........#...........#
##..................#....
#..................###...
###.#................#.#..
#..............[....#.....
#.......§§@#....>..........
##.##...§§o§#..)..##.......
## ##.#§#§§#.............#
#####...#.<[..#.......
#..)#.............#
##))[............##
##.[(.......).....#[
#..(.###.........[.[
##.#.##..........)[.


You could see an orc knight.

Vanquished Creatures
  An ogre mage (D:12)
  A hydra (D:12)
  A centaur warrior (D:12)
  2 two-headed ogres
  Urug (D:10)
  An orc sorcerer (Orc:1)
  A cyclops (Orc:1)
  An ugly thing (D:12)
  2 ice statues (IceCv)
  3 centaur skeletons
  A gargoyle (D:12)
  2 rime drakes (D:12)
  6 ice devils (IceCv)
  4 trolls
  A hornet (D:11)
  6 slime creatures (D:12)
  3 hippogriffs
  Sigmund (D:3)
  A shadow (D:12)
  Eustachio (D:5)
  Grum (D:8)
  11 yaks
  A steam dragon (D:12)
  A hungry ghost (D:11)
  Menkaure (Ossuary)
  Duvessa (D:6)
  5 phantoms
  A hornet zombie (D:9)
  19 orc warriors
  4 sky beasts
  2 necrophages
  2 ice beasts
  An eye of draining (D:11)
  11 ogres
  4 wolves (D:8)
  7 centaurs
  4 big kobolds
  7 bullfrogs
  A gnoll sergeant (D:8)
  A wyvern zombie (D:12)
  Dowan (D:6)
  2 wyvern skeletons
  6 scorpions
  4 killer bees
  8 wights
  2 howler monkeys (D:10)
  A crimson imp (D:7)
  3 bullfrog zombies
  5 hounds
  A quasit (D:7)
  2 centaur zombies
  4 jellies
  12 orc wizards
  4 orc priests
  A bullfrog skeleton (D:11)
  9 worker ants
  Natasha (thrice) (D:3)
  4 iguanas
  A hound zombie (D:5)
  A hound skeleton (D:2)
  3 mummies (Ossuary)
  Robin (D:3)
  7 gnolls
  2 worker ant zombies
  20 adders
  3 shadow imps
  13 white imps (IceCv)
  5 ufetubi (IceCv)
  An adder skeleton (D:8)
  2 worms (D:3)
  2 dart slugs
  7 leopard geckos
  54 orcs
  A bat skeleton (D:3)
  4 giant cockroaches
  7 gnoll zombies (Ossuary)
  16 goblins
  10 hobgoblins
  7 jackals
  25 kobolds
  9 quokkas
  2 ball pythons
  A ball python skeleton (D:4)
  4 bats
  4 frilled lizards
  7 gnoll skeletons (Ossuary)
  4 goblin skeletons (Ossuary)
  4 goblin zombies (Ossuary)
  7 hobgoblin skeletons (Ossuary)
  4 hobgoblin zombies (Ossuary)
  2 kobold skeletons (Ossuary)
  4 kobold zombies (Ossuary)
  2 leopard gecko skeletons
  3 orc skeletons (Ossuary)
  3 orc zombies (Ossuary)
  7 rats
  A rat skeleton (Ossuary)
  3 rat zombies (Ossuary)
460 creatures vanquished.

Vanquished Creatures (collateral kills)
  A two-headed ogre (D:10)
  A meliai zombie (D:12)
  An orc warrior (Orc:1)
  A sky beast (D:7)
  An ogre (D:11)
  A killer bee (D:11)
  3 wights (D:10)
  A howler monkey (D:10)
  A centaur zombie (D:6)
  A crimson imp (D:10)
  A jelly (D:8)
  An orc priest (Orc:1)
  3 worker ants
  A worm (D:4)
  9 orcs
  2 bat skeletons (D:3)
  2 goblins
  2 hobgoblins (D:3)
  2 quokkas
  A kobold (D:3)
  2 quokka zombies
  A rat (D:3)
39 creatures vanquished.

Vanquished Creatures (others)
  A reaper (IceCv)
  A sky beast (D:11)
  2 white imps (IceCv)
  An ufetubus (IceCv)
  A goblin (D:3)
  A rat skeleton (Ossuary)
7 creatures vanquished.

Grand Total: 506 creatures vanquished

Notes
Turn   | Place    | Note
-------+----------+-------------------------------------------
     0 | D:1      | sentinel the Deep Dwarf Necromancer began the quest for the
                  | Orb.
     0 | D:1      | Reached XP level 1. HP: 15/15 MP: 3/3
   215 | D:1      | Reached XP level 2. HP: 20/22 MP: 3/5
   249 | D:1      | Learned a level 1 spell: Animate Skeleton
   635 | D:1      | Reached skill level 5 in Necromancy
   885 | D:2      | Reached XP level 3. HP: 21/28 MP: 0/6
   890 | D:2      | Learned a level 3 spell: Vampiric Draining
  1046 | D:2      | Reached XP level 4. HP: 24/36 MP: 0/7
  1796 | D:3      | Noticed Sigmund
  2035 | D:3      | Reached skill level 1 in Fighting
  2085 | D:3      | Noticed Robin
  2107 | D:3      | Reached XP level 5. HP: 25/44 MP: 1/8
  2141 | D:3      | Killed Robin
  2481 | D:3      | Killed Sigmund
  2481 | D:3      | Reached XP level 6. HP: 36/55 MP: 3/9
  2742 | D:3      | Found a runed translucent door.
  2743 | D:3      | Noticed Crazy Yiuf
  2810 | D:3      | Reached skill level 5 in Stealth
  2944 | D:3      | Noticed Natasha
  2948 | D:3      | Killed Natasha
  3290 | D:3      | Noticed Natasha
  3304 | D:3      | Killed Natasha
  3320 | D:3      | Noticed Natasha
  3363 | D:3      | Killed Natasha
  3481 | D:4      | Reached XP level 7. HP: 37/62 MP: 6/9
  3567 | D:4      | Found a hide-covered altar of Uskayaw.
  3578 | D:4      | Reached skill level 1 in Short Blades
  4522 | D:5      | Entered Level 5 of the Dungeon
  4695 | D:5      | Reached XP level 8. HP: 45/73 MP: 6/10
  4753 | D:5      | Found a staircase to the Ecumenical Temple.
  4767 | Temple   | Entered the Ecumenical Temple
  4773 | Temple   | Became a worshipper of Dithmenos the Shadowed
  4844 | D:5      | Reached skill level 5 in Fighting
  4979 | D:5      | Noticed Eustachio
  5029 | D:5      | Found a sacrificial altar of Ru.
  5282 | D:5      | Killed Eustachio
  5290 | D:5      | Learned a level 5 spell: Agony
  5622 | D:6      | Noticed Duvessa
  5625 | D:6      | Noticed Dowan
  5650 | D:6      | Killed Duvessa
  5651 | D:6      | Killed Dowan
  5851 | D:6      | Reached * piety under Dithmenos
  6345 | D:6      | Gained mutation: You passively map the area around you.
                  | [Deep Dwarf growth]
  6345 | D:6      | Reached XP level 9. HP: 53/81 MP: 13/13
  6568 | D:6      | Reached skill level 10 in Necromancy
  6821 | D:7      | Found Cilosoob's Magic Scroll Boutique.
  7497 | D:7      | Reached ** piety under Dithmenos
  7513 | D:7      | Reached skill level 5 in Spellcasting
  7695 | D:8      | Noticed Grum
  7699 | D:8      | Reached skill level 1 in Invocations
  7699 | D:8      | Reached skill level 1 in Evocations
  7781 | D:8      | Killed Grum
  7805 | D:8      | Found a sand-covered staircase.
  7810 | Ossuary  | Entered an ossuary
  8076 | Ossuary  | Reached *** piety under Dithmenos
  8199 | Ossuary  | Learned a level 2 spell: Blink
  8227 | Ossuary  | Noticed Menkaure
  8237 | Ossuary  | Killed Menkaure
  8237 | Ossuary  | Reached XP level 10. HP: 23/88 MP: 15/15
  8410 | D:8      | Noticed Erica
  8445 | D:8      | Reached skill level 1 in Shields
  8560 | D:8      | Reached skill level 5 in Short Blades
  8560 | D:8      | Reached skill level 1 in Translocations
  8566 | D:8      | Reached **** piety under Dithmenos
  9793 | D:9      | Found a stormy altar of Qazlal.
  9808 | D:9      | Found a glowing golden altar of the Shining One.
  9808 | D:9      | Found a runed translucent door.
  9808 | D:9      | Noticed an angel
 10045 | D:9      | Reached skill level 5 in Evocations
 10162 | D:9      | Found a staircase to the Lair.
 10190 | D:9      | Reached skill level 5 in Invocations
 10530 | D:10     | Entered Level 10 of the Dungeon
 10549 | D:10     | Noticed a two-headed ogre
 10558 | D:10     | Killed a two-headed ogre
 10590 | D:10     | Reached skill level 5 in Shields
 10619 | D:10     | Reached skill level 1 in Armour
 10671 | D:10     | Reached XP level 11. HP: 18/94 MP: 1/16
 10678 | D:10     | Noticed a two-headed ogre
 10688 | D:10     | Killed a two-headed ogre
 10772 | D:10     | Found a flagged portal.
 10777 | Bailey   | Entered a bailey
 11300 | Bailey   | Reached ***** piety under Dithmenos
 11765 | D:10     | Noticed Urug
 11771 | D:10     | Killed Urug
 11889 | D:11     | Paralysed by a hornet for 2 turns
 12305 | D:11     | Noticed a two-headed ogre
 13102 | D:11     | Killed a two-headed ogre
 13207 | D:11     | Found a shimmering blue altar of Sif Muna.
 13434 | D:12     | Found a frozen archway.
 13535 | IceCv    | Entered an ice cave
 13656 | IceCv    | Killed a reaper
 14310 | IceCv    | Reached XP level 12. HP: 44/103 MP: 4/11
 14322 | IceCv    | Reached skill level 10 in Stealth
 14416 | IceCv    | Got transparent ice dragon scales
 14427 | IceCv    | Identified the +3 ice dragon scales of Neuweede {rF- rC++
                  | rN+ Dex+3} (You found it in an ice cave)
 14624 | D:12     | Noticed a centaur warrior
 14635 | D:12     | Killed a centaur warrior
 15281 | D:12     | Found a staircase to the Orcish Mines.
 15838 | D:12     | Noticed an ogre mage
 15844 | D:12     | Killed an ogre mage
 15953 | D:12     | Noticed a four-headed hydra
 15967 | D:12     | Killed a four-headed hydra
 16220 | Orc:1    | Entered Level 1 of the Orcish Mines
 16447 | Orc:1    | Reached ****** piety under Dithmenos
 16617 | Orc:2    | Entered Level 2 of the Orcish Mines
 16763 | Orc:2    | Found a staircase to the Elven Halls.
 17166 | Orc:1    | Slain by an orc knight

Illustrated notes

Levels and vault maps discovered:
D:1:      wander_arrival_fairy_ring, layout_basic, minmay_strange_pillars
D:2:      layout_basic
D:3:      minmay_skewed_foursquare, layout_loops_ring,
          kennysheep_vampire_church, uniq_natasha, uniq_sigmund, uniq_robin,
          uniq_crazy_yiuf_cottage
D:4:      layout_cave_pools, eat_drink_and_be_merry_uskayaw, first_ration,
          solitary_fountain, minmay_misc_feat_room
D:5:      layout_loops_ring, hangedman_ru_absence,
          minmay_temple_entry_enclosed_plants, uniq_eustachio
D:6:      layout_gridville, uniq_duvessa
D:7:      layout_rooms, serial_shops, nicolae_shop_waterfront, grunt_livestock,
          minmay_misc_feat_alley
D:8:      layout_basic, nicolae_ossuary_entry_ruins, due_unseen_surprise,
          uniq_grum, uniq_erica
D:9:      layout_loops_cross, old_standard_altar, lair_entry_dummy,
          lemuel_angel_altar
D:10:     layout_rooms, enter_bailey_3, uniq_urug
D:11:     layout_rooms, chequers_decorated_corner, tgw_sif
D:12:     layout_loops_ring, orc_0_dummy, portal_ice_cave_rime, minmay_librarian
Temple:   eino_narrow_crystal_temple
Orc:1:    layout_caves
Orc:2:    grunt_orc_community_town_hall, layout_caves,
          grunt_orc_community_big_house_2, grunt_orc_community_big_house_1,
          grunt_orc_community_house_3, grunt_orc_community_house_3,
          grunt_orc_community_house_2, grunt_orc_community_house_3

Skill      XL: |  1  2  3  4  5  6  7  8  9 10 11 12 |
---------------+-------------------------------------+-----
Spellcasting   | 2 3 5 |  5.0
Necromancy     | 5 6 7 9 10 11 12 | 12.0
Fighting       | 1 2 3 4 5 |  5.0
Stealth        | 3 4 5 8 9 12 | 12.0
Short Blades   | 2 3 4 6 |  6.0
Invocations    | 3 5 8 |  8.3
Evocations     | 3 5 8 |  8.0
Shields        | 5 7 |  7.3
Translocations | 4 |  4.0
Armour         | 2 3 4 |  4.9
Dodging        | 4 |  4.4

Action                   |  1- 3 |  4- 6 |  7- 9 | 10-12 || total
-------------------------+-------+-------+-------+-------++-------
Melee: Whip              |    41 |       |       |       ||    41
       Unarmed           |     1 |       |       |       ||     1
       Dagger            |       |   162 |     1 |    20 ||   183
       Short sword       |       |       |   416 |   767 ||  1183
       Rapier            |       |       |       |    74 ||    74
 Fire: Hunting sling     |       |    30 |    65 |       ||    95
Throw: Stone             |       |       |       |     2 ||     2
 Cast: Pain              |    45 |    33 |     8 |    22 ||   108
       Animate Skeleton  |     2 |    10 |    16 |    34 ||    62
       Vampiric Draining |     1 |    28 |    82 |   185 ||   296
       Agony             |       |       |     1 |     3 ||     4
       Blink             |       |       |       |     1 ||     1
Invok: Shadow Step       |       |       |       |     3 ||     3
 Abil: Heal Wounds       |       |     2 |     1 |    32 ||    35
Evoke: Wand              |       |       |     3 |    23 ||    26
  Use: Scroll            |       |     1 |    10 |    13 ||    24
       Potion            |       |       |       |     3 ||     3
 Stab: Sleeping          |       |     5 |    10 |    18 ||    33
       Paralysed         |       |       |     3 |     3 ||     6
       Distracted        |       |       |     2 |     3 ||     5
  Eat: Chunk             |     1 |     9 |    12 |    28 ||    50
       Ration            |       |     1 |     3 |     4 ||     8
Armor: Robe              |    13 |    58 |   162 |   223 ||   456
       Ring mail         |       |     2 |       |       ||     2
       Skin              |       |     1 |       |       ||     1
       Ice dragon scales |       |       |       |   107 ||   107
Dodge: Dodged            |    51 |   150 |   313 |   487 ||  1001
Block: Kite shield       |       |       |    11 |   331 ||   342
       Buckler           |       |       |       |    83 ||    83
